TOP OF THE 1ST |
Lancaster Farmers batting - Pitching for Ottawa Nationals : LHP Arthur Stevenson
|
Pitching: LHP Arthur Stevenson
|
|
Batting: RHB Raúl Bravo
|
0-0: Swinging Strike 0-1: Ball 1-1: Ball 2-1: Ball 3-1: Base on Balls
|
Batting: LHB Conrad Overdevest
|
0-0: Ball Raúl Bravo is caught stealing 2nd base 2-6 1-0: Ball 2-0: Ball 3-0: Base on Balls
|
Batting: RHB Archie Pittman
|
0-0: Ball 1-0: Ball 2-0: Ball 3-0: Base on Balls Conrad Overdevest to second
|
Batting: RHB Thurman Williams
|
0-0: Ball 1-0: Foul Ball, location: 2F 1-1: Called Strike 1-2: Strikes out looking
|
Batting: RHB Jorge Núñez
|
0-0: Ball 1-0: Called Strike 1-1: Foul Ball, location: 2F 1-2: SINGLE (Groundball, 34D, EV 94.4 MPH) Conrad Overdevest to third Archie Pittman to second Runner from 3rd tries for Home, SAFE, no throw by RF
|
Batting: RHB Gonzalo Perales
|
0-0: Ball 1-0: Ball 2-0: Ball 3-0: Called Strike 3-1: Called Strike 3-2: Ground out 3-1 (Groundball, 34, EV 98.8 MPH)
|
Top of the 1st over - 1 run, 1 hit, 0 errors, 2 left on base; Lancaster 1 - Ottawa 0 |
BOTTOM OF THE 1ST |
Ottawa Nationals batting - Pitching for Lancaster Farmers : RHP Tony De Jesús
|
Pitching: RHP Tony De Jesús
|
|
Batting: LHB Knox Loposer
|
0-0: Foul Ball, location: 2F 0-1: Foul Ball, location: 2F 0-2: Ground out 6-3 (Groundball, 6, EV 86.9 MPH)
|
Batting: LHB Ewold de Regt
|
0-0: Hit by Pitch
|
Batting: RHB Dave Curtis
|
0-0: Ball 1-0: Ball 2-0: Ball 3-0: Called Strike 3-1: Fly out, F8 (Flyball, 8LXD, EV 100.6 MPH)
|
Batting: LHB Juan Romero
|
0-0: Ball Ewold de Regt steals 2nd base (no throw) 1-0: SINGLE (Line Drive, 7S, EV 99.4 MPH) Ewold de Regt to third Runner from 3rd tries for Home, SAFE, throw by LF to home
|
Batting: RHB Hulama Yani
|
0-0: Ball 1-0: Ball 2-0: Ball 3-0: Base on Balls Juan Romero to second
|
Batting: RHB Boyd Tholen
|
0-0: Ball 1-0: Swinging Strike 1-1: Foul Ball, location: 2F 1-2: Ball 2-2: Ball 3-2: Strikes out looking
|
Bottom of the 1st over - 1 run, 1 hit, 0 errors, 2 left on base; Lancaster 1 - Ottawa 1 |
TOP OF THE 2ND |
Lancaster Farmers batting - Pitching for Ottawa Nationals : LHP Arthur Stevenson
|
Batting: RHB Barton Ryan
|
0-0: SINGLE (Line Drive, 4D, EV 93.8 MPH)
|
Batting: RHB António Andrés
|
0-0: Swinging Strike 0-1: Swinging Strike 0-2: Ball 1-2: Foul Ball, location: 2F 1-2: Foul Ball, location: 2F 1-2: Fly out, F9 (Flyball, 9S, EV 93.1 MPH)
|
Batting: RHB Nick O'Quigley
|
0-0: Fly out, F6 (Line Drive, 6, EV 66.9 MPH)
|
Batting: RHB Raúl Bravo
|
0-0: Fly out, F8 (Line Drive, 8RM, EV 90.0 MPH)
|
Top of the 2nd over - 0 runs, 1 hit, 0 errors, 1 left on base; Lancaster 1 - Ottawa 1 |
BOTTOM OF THE 2ND |
Ottawa Nationals batting - Pitching for Lancaster Farmers : RHP Tony De Jesús
|
Batting: RHB Nobuhiko Ohayashi
|
0-0: Fly out, F8 (Flyball, 78M, EV 88.1 MPH)
|
Batting: RHB Spencer Wiggins
|
0-0: Ball 1-0: Ground out 6-3 (Groundball, 6, EV 97.5 MPH)
|
Batting: RHB José Cintrón
|
0-0: Called Strike 0-1: Swinging Strike 0-2: Ball 1-2: Strikes out swinging
|
Bottom of the 2nd over - 0 runs, 0 hits, 0 errors, 0 left on base; Lancaster 1 - Ottawa 1 |
TOP OF THE 3RD |
Lancaster Farmers batting - Pitching for Ottawa Nationals : LHP Arthur Stevenson
|
Batting: LHB Conrad Overdevest
|
0-0: Ball 1-0: Ball 2-0: Foul Ball, location: 2F 2-1: Fly out, F5 (Popup, 15, EV 77.5 MPH)
|
Batting: RHB Archie Pittman
|
0-0: Called Strike 0-1: Ball 1-1: Ball 2-1: Reached via error on a dropped throw from 1B, E1 (Groundball, 34, EV 85.6 MPH)
|
Batting: RHB Thurman Williams
|
0-0: Ball 1-0: Ball 2-0: Ball 3-0: Foul Ball, location: 2F 3-1: Foul Ball, location: 2F 3-2: Strikes out looking
|
Batting: RHB Jorge Núñez
|
0-0: Ground out 5-3 (Groundball, 5, EV 101.2 MPH)
|
Top of the 3rd over - 0 runs, 0 hits, 1 error, 1 left on base; Lancaster 1 - Ottawa 1 |
BOTTOM OF THE 3RD |
Ottawa Nationals batting - Pitching for Lancaster Farmers : RHP Tony De Jesús
|
Batting: LHB Knox Loposer
|
0-0: Ball 1-0: Ball 2-0: Ball 3-0: Called Strike 3-1: Called Strike 3-2: Base on Balls
|
Batting: LHB Ewold de Regt
|
0-0: Ball 1-0: Ball 2-0: Ball 3-0: Called Strike 3-1: Ground out 4-3 (Groundball, 34S, EV 74.4 MPH) Knox Loposer to second
|
Batting: RHB Dave Curtis
|
0-0: Called Strike 0-1: Ball 1-1: Swinging Strike 1-2: Ball 2-2: Foul Ball, location: 2F 2-2: Foul Ball, location: 2F 2-2: Strikes out swinging
|
Batting: LHB Juan Romero
|
0-0: Foul Ball, location: 2F 0-1: Ball 1-1: Swinging Strike 1-2: Strikes out swinging
|
Bottom of the 3rd over - 0 runs, 0 hits, 0 errors, 1 left on base; Lancaster 1 - Ottawa 1 |
TOP OF THE 4TH |
Lancaster Farmers batting - Pitching for Ottawa Nationals : LHP Arthur Stevenson
|
Batting: RHB Gonzalo Perales
|
0-0: Called Strike 0-1: Foul Ball, location: 2F 0-2: Strikes out looking
|
Batting: RHB Barton Ryan
|
0-0: Fly out, F9 (Flyball, 9, EV 97.5 MPH)
|
Batting: RHB António Andrés
|
0-0: Ball 1-0: Fly out, F8 (Flyball, 8LS, EV 93.1 MPH)
|
Top of the 4th over - 0 runs, 0 hits, 0 errors, 0 left on base; Lancaster 1 - Ottawa 1 |
BOTTOM OF THE 4TH |
Ottawa Nationals batting - Pitching for Lancaster Farmers : RHP Tony De Jesús
|
Batting: RHB Hulama Yani
|
0-0: Swinging Strike 0-1: Swinging Strike 0-2: Ball 1-2: Ball 2-2: Ball 3-2: Base on Balls
|
Batting: RHB Boyd Tholen
|
0-0: Ball 1-0: SINGLE (Line Drive, 8LS, EV 99.4 MPH) Hulama Yani to second
|
Batting: RHB Nobuhiko Ohayashi
|
0-0: Called Strike 0-1: Ball 1-1: Ball 2-1: Fielders Choice at 2nd, 6-4 (Groundball, 6M, EV 86.9 MPH) Hulama Yani to third
|
Batting: RHB Spencer Wiggins
|
0-0: Ball 1-0: Fielders Choice at 2nd, 6-4 (Groundball, 56, EV 79.4 MPH) Hulama Yani scores
|
Batting: RHB José Cintrón
|
0-0: Called Strike 0-1: Called Strike 0-2: Fielders Choice at 2nd, 5-4 (Groundball, 56, EV 90.6 MPH)
|
Bottom of the 4th over - 1 run, 1 hit, 0 errors, 1 left on base; Lancaster 1 - Ottawa 2 |
TOP OF THE 5TH |
Lancaster Farmers batting - Pitching for Ottawa Nationals : LHP Arthur Stevenson
|
Batting: RHB Nick O'Quigley
|
0-0: Ground out 5-3 (Groundball, 5, EV 83.1 MPH)
|
Batting: RHB Raúl Bravo
|
0-0: Ground out 3-1 (Groundball, 34, EV 100.6 MPH)
|
Batting: LHB Conrad Overdevest
|
0-0: Called Strike 0-1: Foul Ball, location: 2F 0-2: Ball 1-2: Ball 2-2: Foul Ball, location: 2F 2-2: Fly out, F7 (Flyball, 78M, EV 92.5 MPH)
|
Top of the 5th over - 0 runs, 0 hits, 0 errors, 0 left on base; Lancaster 1 - Ottawa 2 |
BOTTOM OF THE 5TH |
Ottawa Nationals batting - Pitching for Lancaster Farmers : RHP Tony De Jesús
|
Batting: LHB Knox Loposer
|
0-0: Ball 1-0: Swinging Strike 1-1: SINGLE (Groundball, 6MD, EV 101.9 MPH)
|
Batting: LHB Ewold de Regt
|
0-0: Bunted foul 0-1: Ball 1-1: Ball 2-1: Sac Bunt to 25 - play at first, batter OUT! 5-4 Knox Loposer to second
|
Pitching: LHP Qing-lai Hoong
|
|
Batting: RHB Dave Curtis
|
0-0: Foul Ball, location: 2F 0-1: Called Strike 0-2: Strikes out looking
|
Batting: LHB Juan Romero
|
0-0: 2-RUN HOME RUN (Line Drive, 89XD, EV 101.2 MPH), Distance : 388 ft
|
Batting: RHB Hulama Yani
|
0-0: DOUBLE (Groundball, 5L, EV 108.1 MPH)
|
Batting: RHB Boyd Tholen
|
0-0: Swinging Strike 0-1: Called Strike 0-2: Ball 1-2: Strikes out looking
|
Bottom of the 5th over - 2 runs, 3 hits, 0 errors, 1 left on base; Lancaster 1 - Ottawa 4 |
TOP OF THE 6TH |
Lancaster Farmers batting - Pitching for Ottawa Nationals : LHP Arthur Stevenson
|
Batting: RHB Archie Pittman
|
0-0: Ball 1-0: Foul Ball, location: 2F 1-1: Called Strike 1-2: TRIPLE (Flyball, 78XD, EV 106.9 MPH)
|
Batting: RHB Thurman Williams
|
0-0: Ball 1-0: Swinging Strike 1-1: Fly out, F9 (Line Drive, 9, EV 104.4 MPH)
|
Batting: RHB Jorge Núñez
|
0-0: Ball 1-0: Fly out, F9 (Flyball, 9, EV 83.8 MPH)
|
Batting: RHB Gonzalo Perales
|
0-0: Called Strike 0-1: Ball 1-1: Called Strike 1-2: Foul Ball, location: 2F 1-2: Foul Ball, location: 2F 1-2: Ball 2-2: Ball 3-2: Fly out, F9 (Flyball, 9, EV 88.1 MPH)
|
Top of the 6th over - 0 runs, 1 hit, 0 errors, 1 left on base; Lancaster 1 - Ottawa 4 |
BOTTOM OF THE 6TH |
Ottawa Nationals batting - Pitching for Lancaster Farmers : LHP Qing-lai Hoong
|
Batting: RHB Nobuhiko Ohayashi
|
0-0: Called Strike 0-1: Ball 1-1: Foul Ball, location: 2F 1-2: Ball 2-2: SINGLE (Line Drive, 89S, EV 92.5 MPH)
|
Batting: RHB Spencer Wiggins
|
0-0: Called Strike 0-1: SINGLE (Line Drive, 34D, EV 95.6 MPH) Nobuhiko Ohayashi to second Runner from 2nd tries for 3rd, SAFE, throw by RF made to third
|
Batting: RHB José Cintrón
|
0-0: Called Strike 0-1: Ball 1-1: Foul Ball, location: 2F 1-2: SINGLE (Groundball, 4MD, EV 105.0 MPH) Nobuhiko Ohayashi scores Spencer Wiggins to second
|
Pitching: LHP Virgil Cook
|
|
Batting: LHB Knox Loposer
|
0-0: Bunted foul 0-1: Sac Bunt to 2L - play at first, batter safe! Spencer Wiggins to third José Cintrón to second
|
Batting: LHB Ewold de Regt
|
0-0: Ball 1-0: Ball 2-0: Foul Ball, location: 2F 2-1: Foul Ball, location: 2F 2-2: Fly out, F8 (Flyball, 78D, EV 101.9 MPH) Runner from 3rd tags up, SCORES, no throw by CF
|
Batting: RHB Dave Curtis
|
0-0: Called Strike 0-1: Foul Ball, location: 2F 0-2: Ball 1-2: Ball 2-2: Ball 3-2: Fielders Choice at 2nd, 1-6 (Groundball, 34S, EV 93.1 MPH) José Cintrón to third
|
Batting: LHB Juan Romero
|
0-0: SINGLE (Groundball, 4MD, EV 98.8 MPH) José Cintrón scores Dave Curtis to second Runner from 2nd tries for 3rd, SAFE, no throw by CF
|
Batting: RHB Hulama Yani
|
0-0: Called Strike 0-1: SINGLE (Groundball, 4MD, EV 95.0 MPH) Dave Curtis scores Juan Romero to second
|
Batting: RHB Boyd Tholen
|
0-0: Ball 1-0: Called Strike 1-1: Foul Ball, location: 2F 1-2: Foul Ball, location: 2F 1-2: Foul Ball, location: 2F 1-2: Foul Ball, location: 2F 1-2: DOUBLE (Line Drive, 78M, EV 90.0 MPH) Juan Romero scores Hulama Yani to third Runner from 3rd tries for Home, SAFE, throw by LF to home
|
Batting: RHB Nobuhiko Ohayashi
|
0-0: Fly out, F7 (Flyball, 7LDF, EV 106.9 MPH)
|
Bottom of the 6th over - 6 runs, 7 hits, 0 errors, 1 left on base; Lancaster 1 - Ottawa 10 |
TOP OF THE 7TH |
Lancaster Farmers batting - Pitching for Ottawa Nationals : LHP Arthur Stevenson
|
Pinch Hitting: RHB Fabrice Boyer
|
0-0: Ball 1-0: Ball 2-0: Called Strike 2-1: Ball 3-1: Foul Ball, location: 2F 3-2: SOLO HOME RUN (Flyball, 7LD, EV 88.8 MPH), Distance : 342 ft
|
Batting: RHB António Andrés
|
0-0: Ball 1-0: Ball 2-0: Ball 3-0: Called Strike 3-1: Ground out 6-3 (Groundball, 6, EV 86.2 MPH)
|
Batting: RHB Nick O'Quigley
|
0-0: Ball 1-0: Fly out, F2 (Popup, 3SF, EV 72.5 MPH)
|
Batting: RHB Raúl Bravo
|
0-0: Called Strike 0-1: Ground out 1-3 (Groundball, 34S, EV 91.9 MPH)
|
Top of the 7th over - 1 run, 1 hit, 0 errors, 0 left on base; Lancaster 2 - Ottawa 10 |
BOTTOM OF THE 7TH |
Ottawa Nationals batting - Pitching for Lancaster Farmers : LHP Virgil Cook
|
Now at SS: Fabrice Boyer
|
|
Batting: RHB Spencer Wiggins
|
0-0: Foul Ball, location: 2F 0-1: Foul Ball, location: 2F 0-2: Ball 1-2: Foul Ball, location: 2F 1-2: SINGLE (Groundball, 6MD, EV 94.4 MPH)
|
Pitching: RHP Manuel Sánchez
|
|
Batting: RHB José Cintrón
|
0-0: Ball 1-0: Ball 2-0: Ball 3-0: Base on Balls Spencer Wiggins to second
|
Batting: LHB Knox Loposer
|
0-0: Swinging Strike 0-1: Fielders Choice at 2nd, 3-6 (Groundball, 34, EV 88.1 MPH) Spencer Wiggins to third
|
Batting: LHB Ewold de Regt
|
0-0: Called Strike 0-1: Ball 1-1: DOUBLE (Line Drive, 5D, EV 94.4 MPH) Spencer Wiggins scores Knox Loposer to third Runner from 3rd tries for Home, SAFE, throw by LF to home
|
Batting: RHB Dave Curtis
|
0-0: Hit by Pitch
|
Pinch Hitting: LHB Jonathan Campbell
|
0-0: Ball 1-0: Ball 2-0: Ball 3-0: Called Strike 3-1: Base on Balls Ewold de Regt to third Dave Curtis to second
|
Batting: RHB Hulama Yani
|
0-0: Ball 1-0: Ball 2-0: Ball 3-0: Called Strike 3-1: Foul Ball, location: 2F 3-2: SINGLE (Groundball, 6D, EV 101.2 MPH) Ewold de Regt scores Dave Curtis to third Jonathan Campbell to second Runner from 3rd tries for Home, SAFE, throw by LF to home
|
Batting: RHB Boyd Tholen
|
0-0: Ball 1-0: Fly out, F8 (Flyball, 8RXD, EV 89.4 MPH) Runner from 2nd tags up, SAFE at 3rd, no throw by CF
|
Batting: RHB Nobuhiko Ohayashi
|
0-0: Ball 1-0: Called Strike 1-1: Ball 2-1: Fielders Choice at 2nd, 6-4 (Groundball, 56, EV 90.0 MPH)
|
Bottom of the 7th over - 4 runs, 3 hits, 0 errors, 2 left on base; Lancaster 2 - Ottawa 14 |
TOP OF THE 8TH |
Lancaster Farmers batting - Pitching for Ottawa Nationals : LHP Arthur Stevenson
|
Now at 1B: Jonathan Campbell
|
|
Batting: LHB Conrad Overdevest
|
0-0: Ball 1-0: Ball 2-0: Ball 3-0: Base on Balls
|
Batting: RHB Archie Pittman
|
0-0: Ball 1-0: SINGLE (Groundball, 6MD, EV 101.2 MPH) Conrad Overdevest to second
|
Batting: RHB Thurman Williams
|
0-0: Ball 1-0: Ball 2-0: Fly out, F9 (Flyball, 89M, EV 82.5 MPH)
|
Batting: RHB Jorge Núñez
|
0-0: Ball 1-0: Fly out, F8 (Flyball, 8RD, EV 80.0 MPH)
|
Batting: RHB Gonzalo Perales
|
0-0: Foul Ball, location: 2F 0-1: Ball 1-1: Foul Ball, location: 2F 1-2: Foul Ball, location: 2F 1-2: Ball 2-2: Fly out, F7 (Flyball, 7S, EV 91.9 MPH)
|
Top of the 8th over - 0 runs, 1 hit, 0 errors, 2 left on base; Lancaster 2 - Ottawa 14 |
BOTTOM OF THE 8TH |
Ottawa Nationals batting - Pitching for Lancaster Farmers : RHP Manuel Sánchez
|
Batting: RHB Spencer Wiggins
|
0-0: Foul Ball, location: 2F 0-1: Ball 1-1: Foul Ball, location: 2F 1-2: Ball 2-2: SINGLE (Flyball, 8LS, EV 90.0 MPH)
|
Batting: RHB José Cintrón
|
0-0: Fly out, F7 (Flyball, 7LS, EV 91.2 MPH)
|
Batting: LHB Knox Loposer
|
0-0: Called Strike 0-1: Ball 1-1: Ball 2-1: Grounds into double play, 4-6-3 (Groundball, 4M, EV 99.4 MPH)
|
Bottom of the 8th over - 0 runs, 1 hit, 0 errors, 0 left on base; Lancaster 2 - Ottawa 14 |
TOP OF THE 9TH |
Lancaster Farmers batting - Pitching for Ottawa Nationals : LHP Arthur Stevenson
|
Pitching: LHP Errol Young
|
|
Batting: RHB Fabrice Boyer
|
0-0: Called Strike 0-1: Ground out 4-3 (Groundball, 4S, EV 73.8 MPH)
|
Batting: RHB António Andrés
|
0-0: Called Strike 0-1: Ball 1-1: Ball 2-1: Foul Ball, location: 2F 2-2: Ball 3-2: Base on Balls
|
Batting: RHB Nick O'Quigley
|
0-0: Called Strike 0-1: Ball 1-1: Grounds into double play, 5-4-3 (Groundball, 56, EV 108.1 MPH)
|
Top of the 9th over - 0 runs, 0 hits, 0 errors, 0 left on base; Lancaster 2 - Ottawa 14 |
|